 Dungeon Crawl Stone Soup version 0.28-a0-1415-g7c84da036a (webtiles) character file.

Game seed: 12415751776283686142

299 Clumpoid the Shield-Bearer (level 6, -2/53 HPs)
             Began as a Gnoll Fighter on Jan 7, 2022.
             Was a Believer of Fedhas.
             Slain by a kobold (4 damage)
             ... on level 2 of the Dungeon.
             The game lasted 00:02:19 (2838 turns).

Clumpoid the Shield-Bearer (Gnoll Fighter)          Turns: 2838, Time: 00:02:19

Health: -2/53      AC:  7    Str: 15    XL:     6   Next: 36%
Magic:  5/8        EV:  9    Int: 10    God:    Fedhas [**....]
Gold:   28         SH:  6    Dex: 11    Spells: 8/8 levels left

rFire   + . .      SeeInvis .   a - +0 flail
rCold   + . .      Faith    .   c - +1 buckler
rNeg    . . .      Spirit   .   b - +0 scale mail
rPois   .          Reflect  .   (no helmet)
rElec   .          Harm     .   k - scarf {rC+ rF+}
rCorr   .          Rampage  .   (no gloves)
Will    +....                   (no boots)
Stlth   ..........              (no amulet)
HPRegen 0.17/turn               g - ring of flight
MPRegen 0.11/turn               i - ring of willpower

@: flying
A: fangs 1, strong nose, distributed training
a: Renounce Religion, Wall of Briars


You were on level 2 of the Dungeon.
You worshipped Fedhas.
Fedhas was pleased with you.
You visited 1 branch of the dungeon, and saw 3 of its levels.

You collected 28 gold pieces.

Inventory:

Hand Weapons
 a - a +0 flail (weapon)
Armour
 b - a +0 scale mail (worn)
 c - a +1 buckler (worn)
 k - a scarf of resistance (worn)
Magical Staves
 f - a staff of death
Jewellery
 g - a ring of flight (left hand)
 i - a ring of willpower (right hand)


   Skills:
 + Level 6.8 Fighting
 + Level 1.9 Short Blades
 + Level 1.9 Long Blades
 + Level 1.9 Axes
 + Level 5.0 Maces & Flails
 + Level 1.9 Polearms
 + Level 1.9 Staves
 + Level 1.9 Slings
 + Level 1.9 Bows
 + Level 1.9 Crossbows
 + Level 1.9 Throwing
 + Level 6.8 Armour
 + Level 1.9 Dodging
 + Level 1.9 Stealth
 + Level 6.8 Shields
 + Level 1.9 Unarmed Combat
 + Level 1.9 Spellcasting
 + Level 1.5 Conjurations
 + Level 1.5 Hexes
 + Level 1.5 Summonings
 + Level 1.5 Necromancy
 + Level 1.5 Translocations
 + Level 1.5 Transmutations
 + Level 1.5 Fire Magic
 + Level 1.5 Ice Magic
 + Level 1.5 Air Magic
 + Level 1.5 Earth Magic
 + Level 1.5 Poison Magic
 + Level 2.1 Invocations
 + Level 1.9 Evocations


You had 8 spell levels left.
You didn't know any spells.
Your spell library contained the following spells:

 Spells                   Type           Power      Damage    Failure   Level
 Stone Arrow              Conj/Erth      8%         3d7       91%         3
 Animate Armour           Summ/Erth      8%         N/A       100%        4
 Lehudib's Crystal Spear  Conj/Erth      2%         10d2      100%        8


Dungeon Overview and Level Annotations

Branches:
Dungeon (3/15)

Altars:
Fedhas


Innate Abilities, Weirdness & Mutations

You have very sharp teeth.
Your uncanny sense of smell can sniff out nearby items.
Your experience applies equally to all skills.


Message History

The orc wizard gestures at you while chanting.
The magic dart hits you! The orc hits you but does no damage.
The orc hits you from afar with a +0 trident!
The kobold hits you with a +0 short sword.
* * * LOW HITPOINT WARNING * * *
You are too injured to fight recklessly!
The orc wizard casts a spell.
The orc wizard flickers and vanishes!
Deactivating autopickup; reactivate with Ctrl-A.
The orc hits you with a +0 short sword.
* * * LOW HITPOINT WARNING * * *
The orc hits you from afar with a +0 trident.
* * * LOW HITPOINT WARNING * * *
The kobold hits you with a +0 short sword.
* * * LOW HITPOINT WARNING * * *
You fly upwards.
Reactivating autopickup.
There is a stone staircase leading down here.
You barely miss the kobold. Something hits you.
* * * LOW HITPOINT WARNING * * *
Deactivating autopickup; reactivate with Ctrl-A.
The orc hits you but does no damage. You block the kobold's attack.
You closely miss the kobold. You block something's attack.
The orc hits you with a +0 short sword.
* * * LOW HITPOINT WARNING * * *
The kobold hits you but does no damage.
You aren't carrying any potions.
You aren't carrying any scrolls.
Unknown command.
You hit something. Something completely misses you. The orc barely misses you.
The kobold hits you but does no damage.
You hear some strange, mumbled words.
A puff of flame appears from out of thin air!
The puff of flame hits you. You resist.
* * * LOW HITPOINT WARNING * * *
Something you can't see blocks your briars from growing!
The orc barely misses you.
The kobold hits you with a +0 short sword.
You die...
Fedhas appreciates your contribution to the ecosystem.

#......<........# #.# #.#
##...............# #.# #.#
))...............# #.# #.#
)#...............# #.# #.#
.#...............# #.# #.#
.#...............# #.# #.#
.#.............).# #.# #.#
.#.............{K####.# #.#
.#.............#@o....# #.#
.#.............######## #.#
.#####'######### #.#
######.# #.#
....##.######### #.#
.[..........(..# #.#
...............###########.#
##.........................#
#.............#############


You could see an orc and a kobold.

Vanquished Creatures
  Sigmund (D:3)
  An orc wizard (D:3)
  Robin (D:2)
  3 adders
  2 worms (D:2)
  A dart slug (D:2)
  5 orcs (D:3)
  2 endoplasms (D:1)
  A giant cockroach (D:2)
  17 goblins
  7 hobgoblins
  4 jackals (D:1)
  2 kobolds (D:1)
  A quokka (D:3)
  4 ball pythons (D:1)
  5 bats
  4 frilled lizards (D:1)
  2 rats
  A spectral hobgoblin (D:2)
64 creatures vanquished.

Notes
Turn   | Place    | Note
-------+----------+-------------------------------------------
     0 | D:1      | Clumpoid the Gnoll Fighter began the quest for the Orb.
     0 | D:1      | Reached XP level 1. HP: 23/23 MP: 1/1
   267 | D:1      | Reached XP level 2. HP: 29/29 MP: 2/2
   925 | D:1      | Reached XP level 3. HP: 35/35 MP: 3/3
  1511 | D:2      | Found a faded altar of an unknown god.
  1525 | D:2      | Prayed at the altar of an unknown god.
  1525 | D:2      | Became a worshipper of Fedhas Madash
  1525 | D:2      | Reached * piety under Fedhas
  1536 | D:2      | Reached skill level 1 in Invocations
  1680 | D:2      | Reached skill level 1 in Short Blades
  1680 | D:2      | Reached skill level 1 in Long Blades
  1680 | D:2      | Reached skill level 1 in Axes
  1680 | D:2      | Reached skill level 1 in Polearms
  1680 | D:2      | Reached skill level 1 in Staves
  1680 | D:2      | Reached skill level 1 in Slings
  1680 | D:2      | Reached skill level 1 in Bows
  1680 | D:2      | Reached skill level 1 in Crossbows
  1680 | D:2      | Reached skill level 1 in Throwing
  1680 | D:2      | Reached skill level 1 in Dodging
  1680 | D:2      | Reached skill level 1 in Stealth
  1680 | D:2      | Reached skill level 1 in Unarmed Combat
  1680 | D:2      | Reached skill level 1 in Spellcasting
  1680 | D:2      | Reached skill level 1 in Evocations
  1823 | D:2      | Reached XP level 4. HP: 41/41 MP: 5/5
  1874 | D:2      | Noticed Robin
  2071 | D:2      | Killed Robin
  2072 | D:2      | Reached skill level 1 in Conjurations
  2072 | D:2      | Reached skill level 1 in Hexes
  2072 | D:2      | Reached skill level 1 in Summonings
  2072 | D:2      | Reached skill level 1 in Necromancy
  2072 | D:2      | Reached skill level 1 in Translocations
  2072 | D:2      | Reached skill level 1 in Transmutations
  2072 | D:2      | Reached skill level 1 in Fire Magic
  2072 | D:2      | Reached skill level 1 in Ice Magic
  2072 | D:2      | Reached skill level 1 in Air Magic
  2072 | D:2      | Reached skill level 1 in Earth Magic
  2072 | D:2      | Reached skill level 1 in Poison Magic
  2503 | D:3      | Noticed Sigmund
  2519 | D:3      | Killed Sigmund
  2519 | D:3      | Reached ** piety under Fedhas
  2520 | D:3      | Reached XP level 5. HP: 37/47 MP: 5/7
  2520 | D:3      | Reached XP level 6. HP: 42/53 MP: 5/8
  2528 | D:3      | Reached skill level 5 in Maces & Flails
  2837 | D:2      | HP: 2/53 [something/puff of flame (5)]
  2838 | D:2      | Slain by a kobold

Illustrated notes

Levels and vault maps discovered:
D:1:      erik_arrival_triangle_huge, layout_loops_cross, minivault_26
D:2:      layout_basic, dreamdust_ecumenical_altar_drowned_temple, uniq_robin
D:3:      layout_basic, gup_sewer_entry_bowl, minmay_pentomino_pile,
          uniq_sigmund, uniq_natasha, uniq_crazy_yiuf_cottage

Skill      XL: |  1  2  3  4  5  6 |
---------------+-------------------+-----
Invocations    | 1 2 |  2.1
Short Blades   | 1 |  1.9
Long Blades    | 1 |  1.9
Axes           | 1 |  1.9
Polearms       | 1 |  1.9
Staves         | 1 |  1.9
Slings         | 1 |  1.9
Bows           | 1 |  1.9
Crossbows      | 1 |  1.9
Throwing       | 1 |  1.9
Dodging        | 1 |  1.9
Stealth        | 1 |  1.9
Unarmed Combat | 1 |  1.9
Spellcasting   | 1 |  1.9
Evocations     | 1 |  1.9
Conjurations   | 1 |  1.5
Hexes          | 1 |  1.5
Summonings     | 1 |  1.5
Necromancy     | 1 |  1.5
Translocations | 1 |  1.5
Transmutations | 1 |  1.5
Fire Magic     | 1 |  1.5
Ice Magic      | 1 |  1.5
Air Magic      | 1 |  1.5
Earth Magic    | 1 |  1.5
Poison Magic   | 1 |  1.5
Maces & Flails | 5 |  5.0
Fighting       | |  6.8
Armour         | |  6.8
Shields        | |  6.8

Action                   |  1- 3 |  4- 6 || total
-------------------------+-------+-------++-------
Melee: Flail             |   117 |    74 ||   191
       Staff             |    34 |       ||    34
       Bite              |    16 |     7 ||    23
Invok: Wall of Briars    |       |     1 ||     1
  Use: Potion            |     2 |     1 ||     3
       Scroll            |     1 |       ||     1
Armor: Scale mail        |    66 |    36 ||   102
Dodge: Dodged            |    88 |    52 ||   140
Block: Buckler           |    57 |    42 ||    99

Table legend: (Time is in decaauts)
 A = Elapsed time spent in this place.
 B = Non-inter-level travel time spent in this place.
 C = Inter-level travel time spent in this place.
 D = Time resting spent in this place.
 E = Time spent auto-exploring this place.
 F = Levels seen in this place.
 G = Mean time per level.
                   A        B        C        D        E       F      G
               +--------+--------+--------+--------+--------+-----+--------+
         Total |   2884 |   2810 |     74 |   1135 |   1190 |   3 |  961.3 |
       Dungeon |   2884 |   2810 |     74 |   1135 |   1190 |   3 |  961.3 |
               +--------+--------+--------+--------+--------+-----+--------+

Top non-repeatable levels by time:
     D:1: 1564 daAuts
     D:2: 1265 daAuts
     D:3: 53 daAuts
